 Dungeon Crawl Stone Soup version 0.21.2-1-g0862bd23eb (webtiles) character file.

73481 mtoz the Severer (level 15, 137/137 HPs)
             Began as a Minotaur Berserker on Apr 15, 2018.
             Was an Elder of Trog.
             Quit the game on level 13 of the Dungeon on Apr 23, 2020.
             The game lasted 01:19:37 (25360 turns).

mtoz the Severer (Minotaur Berserker)              Turns: 25360, Time: 01:19:37

Health: 137/137    AC: 20    Str: 27    XL:     15   Next: 4%
Magic:  20/20      EV: 15    Int:  4    God:    Trog [****..]
Gold:   1297       SH:  0    Dex: 11    Spells: 14/14 levels left

rFire    + + +     SeeInvis .   Y - +3 broad axe
rCold    + + .     Gourm    .   (no shield)
rNeg     . . .     Faith    +   g - +2 chain mail {MR+}
rPois    .         Spirit   .   d - +1 hat
rElec    .         Reflect  .   Z - scarf {rC+ rF+}
rCorr    .         Harm     .   U - +0 pair of gloves
MR       ++...                  q - +1 pair of boots
Stlth    ..........             X - amulet of faith
HPRegen  0.32/turn              C - ring of protection from fire
MPRegen  0.17/turn              G - ring of Gistri Biha {rF+ rC+}

@: no status effects
A: retaliatory headbutt, horns 2
a: Berserk, Trog's Hand, Brothers in Arms, Burn Spellbooks, Renounce Religion


You were on level 13 of the Dungeon.
You worshipped Trog.
Trog was greatly pleased with you.
You were hungry.

You visited 2 branches of the dungeon, and saw 19 of its levels.

You collected 1297 gold pieces.

Inventory:

Hand Weapons
 a - a +0 war axe
 b - a +2 flail of protection
 l - the +8 demon blade "Bloodbane" {slice, *Rage +Rage Stlth-}
   (You found it on level 3 of the Lair of Beasts)

   It inflicts extra damage upon your enemies.
   It lets you go berserk.
   It may make you go berserk in combat.
   It makes you less stealthy.
 w - the +10 flail of Pothrupi {crush, *Contam Int+2 Dex+2, unknown}
   (You found it on level 9 of the Dungeon)

   It inflicts extra damage upon your enemies.
   It affects your intelligence (+2).
   It affects your dexterity (+2).
   It causes magical contamination when unequipped.
 x - a +0 antimagic halberd
 P - a +2 great sword of holy wrath
 Y - a +3 broad axe (weapon)
Armour
 d - a +1 hat (worn)
 e - a +0 plate armour
 g - a +2 chain mail of magic resistance (worn)
 q - a +1 pair of boots (worn)
 U - a +0 pair of gloves (worn)
 Z - a scarf of resistance (worn)
Magical Staves
 Q - an uncursed staff of energy {unknown}
Jewellery
 C - a ring of protection from fire (left hand)
 G - the ring of Gistri Biha (right hand) {rF+ rC+}
   (You found it on level 6 of the Dungeon)

   [ring of protection from fire]

   It protects you from fire.
   It protects you from cold.
 X - an amulet of faith (around neck)
Wands
 m - a wand of flame (16)
 v - a wand of enslavement (38)
 A - a wand of random effects (81)
 I - a wand of polymorph (10)
 K - a wand of disintegration (18)
 M - a wand of iceblast (2)
Scrolls
 f - 5 scrolls of teleportation
 h - 2 scrolls of blinking
 k - 5 scrolls of remove curse
 o - 4 scrolls of fear
 r - 8 scrolls of magic mapping
 y - 2 scrolls of vulnerability
 B - 6 scrolls of enchant weapon
 N - 3 scrolls of fog
 W - a scroll of summoning
Potions
 i - a potion of agility {unknown}
 j - a potion of resistance {unknown}
 n - a potion of invisibility {unknown}
 p - a potion of degeneration {unknown}
 s - 3 potions of magic
 t - 7 potions of lignification
 u - 3 potions of mutation {unknown}
 z - 2 potions of brilliance {unknown}
 D - 5 potions of curing
 E - 2 potions of berserk rage {unknown}
 F - 5 potions of haste
 J - 2 potions of flight {unknown}
 L - 2 potions of might {unknown}
 V - a potion of cancellation {unknown}
Miscellaneous
 O - a lamp of fire
 R - a phantom mirror
 S - a phial of floods
 T - a lightning rod (4/4)
Comestibles
 c - 10 rations


   Skills:
 + Level 13.7 Fighting
 * Level 18.1 Axes
 + Level 13.5 Armour
 + Level 12.6 Dodging
 - Level 8.6 Evocations


You had 14 spell levels left.
You didn't know any spells.

Dungeon Overview and Level Annotations

Branches:
Dungeon (13/15) Temple (0/1) D:6 Lair (6/6) D:9 Shoals (0/4) Lair:4 Snake (0/4) Lair:2 Slime (0/5) Lair:5 Orc (0/2) D:9 Vaults (0/5) D:12 D:13

Altars:
Ashenzari
Cheibriados
Elyvilon
Fedhas
Hepliaklqana
Kikubaaqudgha
Makhleb
Okawaru
Qazlal
Ru
Vehumet
Wu Jian
Xom
The Shining One
Jiyva

Shops:
D:8 %   D:12 =   D:13 [

Portals:
Hell: Lair:6

Annotations:
D:6 1 runed door
Lair:5 1 runed door
Lair:6 exclusion: 2 oklob plants


Innate Abilities, Weirdness & Mutations

You reflexively headbutt those who attack you in melee.
You have a pair of horns on your head.


Message History

The centaur warrior zombie is severely damaged.
The centaur warrior zombie hits you but does no damage.
You slice the centaur warrior zombie!!
You headbutt the centaur warrior zombie!
The centaur warrior zombie is almost destroyed.
The centaur warrior zombie hits you but does no damage.
You slice the centaur warrior zombie!!
You destroy the centaur warrior zombie!
Trog accepts your kill.
No target in view!
There is an entrance to Ohae's Armour Emporium here.
Welcome back, mtoz the Minotaur Berserker.
Trog says: Kill them all!
Press ? for a list of commands and other information.
Welcome back, mtoz the Minotaur Berserker.
Trog says: Kill them all!
Press ? for a list of commands and other information.
Quiver which item? (- for none, * to show all) (? for menu, Esc to quit)
Okay, then.
Are you sure you want to abandon this character and quit the game? (Confirm with "yes".)

..... ..(.. ......
......######
.....#.@..#
..........#
#####.....# #.....#
#..†..# ##....#
#....# ##########
#....# #.........
#....#####.........


There were no monsters in sight!

Vanquished Creatures
  A dire elephant (Lair:6)
  A fire dragon (D:11)
  The ghost of infcreate the Cleaver, a journeyman MiFi of Okawaru (D:10)
  The ghost of bmj180 the Carver, a journeyman MiFi of Okawaru (D:11)
  A hell beast (Lair:6)
  9 hydras
  A death knight (D:11)
  A death yak (Lair:6)
  2 centaur warriors
  2 two-headed ogres
  Urug (D:13)
  Nergalle (Lair:3)
  A skeletal warrior (D:11)
  An unseen horror (D:12)
  A wizard (Lair:6)
  2 ugly things (D:12)
  A manticore (D:12)
  4 cyclopes
  A wolf spider (D:12)
  Maurice (D:9)
  28 elephants
  8 black mambas
  2 orange demons (Lair:6)
  A gargoyle (D:12)
  15 spiny frogs
  4 rime drakes
  6 komodo dragons
  2 freezing wraiths (D:11)
  A hellwing (Lair:6)
  3 ice devils (Lair:6)
  2 trolls
  A merfolk (Lair:4)
  12 blink frogs
  9 slime creatures (D:12)
  A blink frog (shapeshifter) (D:13)
  7 hippogriffs
  7 dream sheep (Lair:6)
  A water elemental (D:12)
  A wraith (D:11)
  27 yaks
  A shadow (D:11)
  6 wyverns
  11 humans
  A wyvern (shapeshifter) (D:9)
  A basilisk (D:11)
  2 hungry ghosts
  A steam dragon (Lair:4)
  3 vampire mosquitoes (D:12)
  4 wargs (D:12)
  Menkaure (D:6)
  5 hell hounds (Lair:6)
  9 porcupines
  30 water moccasins
  A hornet zombie (D:9)
  12 orc warriors
  A sky beast (D:9)
  2 ice beasts
  4 phantoms
  7 ogres
  The ghost of Verendum the Cudgeler, an amateur DsAK of Lugonu (D:3)
  10 centaurs
  16 wolves
  14 crocodiles
  20 bullfrogs
  2 wyvern zombies
  3 scorpions
  17 killer bees
  3 wights (D:13)
  3 electric eels (Lair:4)
  A bullfrog zombie (D:9)
  2 crimson imps
  4 bullfrog skeletons
  6 hounds
  4 centaur zombies
  5 jellies
  9 orc priests
  3 centaur skeletons
  7 iguanas
  13 orc wizards
  11 worker ants
  2 hound zombies (D:6)
  4 hound skeletons
  A worker ant zombie (D:9)
  A howler monkey skeleton (D:9)
  19 adders
  A gnoll (D:1)
  2 shadow imps
  An ooze (D:3)
  An adder zombie (D:5)
  2 adder skeletons
  2 dart slugs
  2 worms
  7 leopard geckos
  63 orcs
  6 bats
  6 giant cockroaches
  6 goblins
  4 hobgoblins
  4 jackals
  2 quokkas
  A ball python (Lair:2)
  4 frilled lizards
  A jackal skeleton (D:4)
  4 kobolds
  2 leopard gecko skeletons
  A leopard gecko zombie (D:9)
  2 quokka skeletons
  2 quokka zombies
  3 rats
  A fungus (Lair:2)
585 creatures vanquished.

Vanquished Creatures (collateral kills)
  Nessos (D:13)
  4 humans (D:13)
5 creatures vanquished.

Vanquished Creatures (others)
  A hornet (D:10)
  A human (D:13)
  A black bear (D:10)
  A bullfrog (D:10)
  5 fungi
  18 plants
27 creatures vanquished.

Grand Total: 617 creatures vanquished

Notes
Turn   | Place    | Note
-------+----------+-------------------------------------------
     0 | D:1      | mtoz the Minotaur Berserker began the quest for the Orb.
     0 | D:1      | Reached XP level 1. HP: 19/19 MP: 0/0
    50 | D:1      | Reached XP level 2. HP: 9/27 MP: 1/1
   284 | D:1      | Reached skill level 4 in Axes
   834 | D:1      | Reached XP level 3. HP: 33/33 MP: 2/2
  1034 | D:2      | Found an ornate altar of the Wu Jian Council.
  1531 | D:2      | Reached XP level 4. HP: 39/41 MP: 3/3
  1926 | D:2      | Reached ** piety under Trog
  1935 | D:2      | Reached XP level 5. HP: 38/47 MP: 4/4
  2530 | D:3      | Noticed Verendum's ghost (amateur DsAK)
  2543 | D:3      | Killed Verendum's ghost
  2543 | D:3      | Reached skill level 5 in Fighting
  2543 | D:3      | Reached skill level 5 in Axes
  2543 | D:3      | Reached XP level 6. HP: 56/56 MP: 3/5
  2887 | D:3      | Found an iron altar of Okawaru.
  2890 | D:3      | Found a radiant altar of Vehumet.
  2893 | D:3      | Found an ancient bone altar of Kikubaaqudgha.
  3090 | D:4      | Found a blossoming altar of Fedhas.
  3094 | D:4      | Reached skill level 6 in Axes
  3389 | D:4      | Found a shimmering altar of Xom.
  3466 | D:4      | Reached XP level 7. HP: 43/61 MP: 4/6
  3557 | D:4      | Found a sacrificial altar of Ru.
  3579 | D:4      | Reached skill level 5 in Armour
  4202 | D:5      | Entered Level 5 of the Dungeon
  4256 | D:5      | Found a shattered altar of Ashenzari.
  4266 | D:5      | Reached skill level 7 in Axes
  4498 | D:5      | Reached skill level 5 in Dodging
  4723 | D:5      | Reached XP level 8. HP: 57/70 MP: 4/7
  4826 | D:5      | Reached *** piety under Trog
  4972 | D:5      | Reached skill level 8 in Axes
  5391 | D:5      | Found a stormy altar of Qazlal.
  5614 | D:6      | Got a vibrating brass ring
  5615 | D:6      | Identified the ring of Gistri Biha {rF+ rC+} (You found it on level 6 of the Dungeon)
  5756 | D:6      | Reached skill level 9 in Axes
  5758 | D:6      | Found a runed door.
  5780 | D:6      | Found a runed door.
  5803 | D:6      | Reached XP level 9. HP: 68/79 MP: 6/8
  5971 | D:6      | Noticed Menkaure
  5976 | D:6      | Killed Menkaure
  6012 | D:6      | Found a staircase to the Ecumenical Temple.
  6433 | D:7      | Found a snail-covered altar of Cheibriados.
  6758 | D:7      | Reached skill level 10 in Axes
  7311 | D:8      | Found a hazy altar of Hepliaklqana.
  7382 | D:8      | Reached **** piety under Trog
  7953 | D:8      | Reached skill level 11 in Axes
  7974 | D:8      | Found Sanle's Food Shop.
  8045 | D:8      | Reached XP level 10. HP: 68/90 MP: 5/9
  8188 | D:8      | Found a white marble altar of Elyvilon.
  8492 | D:9      | Found a snail-covered altar of Cheibriados.
  8492 | D:9      | Noticed a centaur warrior
  8508 | D:9      | Found a transporter.
  8542 | D:9      | Noticed a lindwurm
  8542 | D:9      | a yak changed into a lindwurm
  8571 | D:9      | Noticed a fire crab
  8571 | D:9      | a lindwurm changed into a fire crab
  8600 | D:9      | Noticed Maurice
  8603 | D:9      | Reached skill level 1 in Evocations
  8622 | D:9      | Killed Maurice
  8869 | D:9      | Found a glowing golden altar of the Shining One.
  9009 | D:9      | Found a staircase to the Lair.
  9017 | Lair:1   | Entered Level 1 of the Lair of Beasts
  9017 | Lair:1   | Noticed a spiny frog
  9023 | Lair:1   | Killed a spiny frog
  9313 | Lair:1   | Noticed a spiny frog
  9401 | Lair:1   | Killed a spiny frog
  9401 | Lair:1   | Reached skill level 12 in Axes
  9603 | Lair:1   | Noticed a spiny frog
  9615 | Lair:1   | Killed a spiny frog
  9681 | Lair:1   | Noticed a black mamba
  9693 | Lair:1   | Killed a black mamba
 10566 | Lair:1   | Reached XP level 11. HP: 77/99 MP: 5/12
 11709 | Lair:2   | Reached skill level 10 in Fighting
 11782 | Lair:2   | Reached skill level 13 in Axes
 11998 | Lair:2   | Reached skill level 10 in Armour
 12081 | Lair:2   | Found a staircase to the Snake Pit.
 12854 | Lair:3   | Noticed a four-headed hydra
 12856 | Lair:3   | Noticed a five-headed hydra
 12859 | Lair:3   | Noticed a six-headed hydra
 13119 | Lair:3   | Reached skill level 5 in Evocations
 13121 | Lair:3   | Reached XP level 12. HP: 108/108 MP: 7/14
 13310 | Lair:3   | Killed a five-headed hydra
 13310 | Lair:3   | Reached skill level 14 in Axes
 13440 | Lair:3   | Killed a six-headed hydra
 13646 | Lair:3   | Killed a five-headed hydra
 13646 | Lair:3   | Received a gift from Trog
 13646 | Lair:3   | Reached skill level 10 in Dodging
 14045 | Lair:3   | Noticed a five-headed hydra
 14052 | Lair:3   | Killed a five-headed hydra
 14112 | Lair:3   | Found the +8 demon blade "Bloodbane" {slice, *Rage +Rage Stlth-}
 14611 | Lair:4   | Reached skill level 15 in Axes
 14641 | Lair:3   | Noticed Nergalle
 14653 | Lair:3   | Killed Nergalle
 15929 | Lair:4   | Found a staircase to the Shoals.
 16089 | Lair:5   | Reached XP level 13. HP: 109/117 MP: 14/16
 16892 | Lair:5   | Found a runed door.
 16894 | Lair:5   | Found a viscous altar of Jiyva.
 16894 | Lair:5   | Noticed an azure jelly
 16897 | Lair:5   | Found a staircase to the Slime Pits.
 16897 | Lair:5   | Noticed an azure jelly
 16897 | Lair:5   | Noticed an azure jelly
 16898 | Lair:5   | Noticed an azure jelly
 16950 | Lair:6   | Entered Level 6 of the Lair of Beasts
 16967 | Lair:6   | Reached skill level 16 in Axes
 18815 | Lair:6   | Noticed a dire elephant
 18822 | Lair:6   | Killed a dire elephant
 18822 | Lair:6   | Reached XP level 14. HP: 127/127 MP: 14/18
 18925 | Lair:6   | Found a burning altar of Makhleb.
 19997 | Lair:6   | Found a gateway to Hell.
 20470 | D:9      | Found a transporter.
 20515 | D:9      | Reached skill level 17 in Axes
 20749 | D:9      | Found a staircase to the Orcish Mines.
 20797 | D:10     | Entered Level 10 of the Dungeon
 21023 | D:9      | Got an iridescent flail
 21056 | D:10     | Reached ***** piety under Trog
 21388 | D:10     | Noticed infcreate's ghost (journeyman MiFi)
 21405 | D:10     | Killed infcreate's ghost
 21685 | D:11     | Noticed bmj180's ghost (journeyman MiFi)
 21710 | D:11     | Killed bmj180's ghost
 23009 | D:12     | Found Cezoov's Jewellery Emporium.
 24021 | D:12     | Received a gift from Trog
 24310 | D:13     | Found a gate to the Vaults.
 24310 | D:13     | Noticed Nessos
 24310 | D:13     | Noticed Urug
 24747 | D:13     | Killed Urug
 24748 | D:13     | Reached skill level 18 in Axes
 25041 | D:13     | Killed Nessos
 25228 | D:13     | Reached XP level 15. HP: 130/137 MP: 20/20
 25268 | D:13     | Found Ohae's Armour Emporium.
 25360 | D:13     | Upgraded the game from 0.21.1-1-g345015f to 0.21.2
 25360 | D:13     | Upgraded the game from 0.21.2 to 0.21.2-1-g0862bd23eb
 25360 | D:13     | Quit the game

Skill      XL: |  1  2  3  4  5  6  7  8  9 10 11 12 13 14 |
---------------+-------------------------------------------+-----
Axes           | 4 5 6 7 9 11 12 13 15 16 18 | 18.1
Fighting       | 4 5 6 7 8 9 10 11 12 13 | 13.7
Armour         | 3 4 5 6 8 9 10 11 12 13 | 13.5
Dodging        | 3 4 5 6 7 8 9 10 11 12 | 12.6
Evocations     | 3 5 6 7 8 |  8.6

Action                   |  1- 3 |  4- 6 |  7- 9 | 10-12 | 13-15 || total
-------------------------+-------+-------+-------+-------+-------++-------
Melee: Hand axe          |    61 |    97 |       |       |       ||   158
       Headbutt          |     9 |    25 |    48 |   119 |   188 ||   389
       Flail             |       |    44 |       |    22 |    35 ||   101
       Mace              |       |     8 |   268 |    68 |       ||   344
       War axe           |       |       |       |   394 |   275 ||   669
       Demon blade       |       |       |       |   101 |   231 ||   332
       Broad axe         |       |       |       |       |   182 ||   182
Invok: Trog's Hand       |       |     2 |     5 |    19 |    20 ||    46
       Berserk           |       |     2 |     3 |    13 |     7 ||    25
       Burn Spellbooks   |       |     1 |     2 |     1 |     1 ||     5
       Brothers in Arms  |       |       |       |     1 |     3 ||     4
Evoke: Wand              |       |       |       |     9 |     7 ||    16
       Lamp of fire      |       |       |       |       |     1 ||     1
       Phial of floods   |       |       |       |       |     1 ||     1
  Use: Scroll            |     2 |     4 |     4 |     9 |     9 ||    28
       Potion            |       |       |       |     2 |     4 ||     6
 Stab: Sleeping          |     2 |       |       |       |       ||     2
  Eat: Chunk             |     2 |     8 |    17 |    17 |    22 ||    66
       Ration            |       |       |     1 |    10 |     6 ||    17
Armor: Animal skin       |     9 |       |       |       |       ||     9
       Ring mail         |     9 |     7 |       |       |       ||    16
       Chain mail        |       |    59 |   121 |    99 |   491 ||   770
       Plate armour      |       |       |    13 |   264 |       ||   277
Dodge: Dodged            |    41 |    76 |   174 |   383 |   642 ||  1316
       Rpst.: Demon blade |       |       |       |    29 |    76 ||   105
